 Dungeon Crawl Stone Soup version 0.32-a0-876-gcfddb08e57 (webtiles) character file.

Game seed: 8520145090225227203

2689 Autsider the Geomancer (level 9, -5/56 HPs)
             Began as a Gargoyle Earth Elementalist on Mar 31, 2024.
             Was an Initiate of Vehumet.
             Slain by Joseph
             ... wielding a +3 spectral quarterstaff
              (18 damage)
             ... on level 7 of the Dungeon.
             The game lasted 00:13:56 (5184 turns).

Autsider the Geomancer (GrEE)                       Turns: 5184, Time: 00:13:56

Health: -5/56      AC:  9    Str: 12    XL:     9   Next: 64%
Magic:  4/16       EV: 11    Int: 20    God:    Vehumet [......]
Gold:   433        SH:  0    Dex: 10    Spells: 12/18 levels left

rFire   . . .        j - +4 dire flail (protect)
rCold   . . .        (shield currently unavailable)
rNeg    + + .        a - +0 robe
rPois   ∞            (no helmet)
rElec   +            (no cloak)
rCorr   .            k - +0 pair of gloves
SInv    .            (no boots)
Will    .....        n - amulet of magic regeneration
Stlth   ++           u - ring of positive energy
HPRegen 0.29/turn    (no ring)
MPRegen 0.55/turn

%: no passive effects
@: no status effects
A: sickness immunity, AC +6, negative energy resistance 1, electricity
resistance, torment resistance 1, petrification resistance
a: Renounce Religion


You were on level 7 of the Dungeon.
You worshipped Vehumet.
Vehumet was noncommittal.
You visited 1 branch of the dungeon, and saw 7 of its levels.

You collected 433 gold pieces.

Inventory:

Hand Weapons
 j - a +4 dire flail of protection (weapon)
 t - a +0 spear of freezing
Armour
 a - a +0 robe (worn)
 k - a +0 pair of gloves (worn)
Jewellery
 d - a ring of ice
 n - an amulet of magic regeneration (around neck)
 o - a ring of fire
 r - an amulet of reflection
 u - a ring of positive energy (left hand)
 x - a ring of protection from fire
Wands
 y - a wand of acid (7)
 z - a wand of iceblast (7)
 A - a wand of flame (17)
Scrolls
 l - a scroll of enchant weapon {unknown}
 m - 2 scrolls of fog
 q - a scroll of summoning {unknown}
 s - a scroll of torment {unknown}
 v - a scroll of amnesia
 B - 2 scrolls of identify
 C - a scroll of revelation
Potions
 b - 3 potions of magic
 c - a potion of heal wounds {unknown}
 e - a potion of cancellation {unknown}
 f - 3 potions of enlightenment
 g - 2 potions of resistance
 h - a potion of degeneration {unknown}
 i - 3 potions of mutation {unknown}
 p - 2 potions of curing {unknown}
 w - a potion of attraction {unknown}
 D - a potion of lignification {unknown}


   Skills:
 + Level 6.5 Fighting
 - Level 3.0 Dodging
 - Level 2.1 Stealth
 - Level 5.0 Spellcasting
 - Level 4.0 Conjurations
 - Level 2.0 Translocations
 * Level 10.9 Earth Magic


You had 12 spell levels left.
You knew the following spells:

 Your Spells              Type           Power      Damage    Failure   Level
a - Sandblast             Erth           96%        2d20      1%          1
b - Stone Arrow           Conj/Erth      68%        3d11      1%          3
z - Blink                 Tloc           26%        N/A       8%          2

Your spell library contained the following spells:

 Spells                   Type           Power      Damage    Failure   Level
 Passwall                 Erth           48%        N/A       1%          3
 Magic Dart               Conj           84%        1d7       2%          1
 Searing Ray              Conj           42%        2d6       3%          2
 Shock                    Conj/Air       52%        1d6       4%          1
 Brom's Barrelling Bould  Conj/Erth      34%        2d5       5%          4
 Petrify                  Alch/Erth      26%        N/A       12%         4
 Call Imp                 Summ           10%        N/A       17%         2
 Swiftness                Air            5%         N/A       34%         3
 Fulminant Prism          Conj/Alch      6%         3d7       45%         4
 Airstrike                Air            2%         2d(1-17)  75%         4


Dungeon Overview and Level Annotations

Branches:
Dungeon (7/15)             Temple (0/1) D:7

Altars:
Gozag
Trog
Vehumet
Xom

Shops:
D:3 ?

Annotations:
D:6 1 runed translucent door, Konar's ghost, novice CoHu
D:7 Joseph


Innate Abilities, Weirdness & Mutations

You are immune to sickness and miasma.
Your stone body is resilient. (AC +6)
You are immune to poison.
You resist negative energy. (rN+)
You are resistant to electric shocks. (rElec)
You are resistant to unholy torment.
You are immune to petrification.


Message History

Aiming: Stone Arrow (safe; 1% risk of failure)
Press: ? - help, Shift-Dir - straight line, f/p - Joseph
Aim: Joseph, wielding a +0 sling and wearing a +0 leather armour (74% to hit)
The stone arrow hits Joseph!!
Joseph is moderately wounded.
Joseph unwields a +0 sling.
Joseph wields a +3 spectral quarterstaff.
Joseph hits you with a +3 spectral quarterstaff.
The +3 spectral quarterstaff hits you!
* * * LOW HITPOINT WARNING * * *
A +3 spectral quarterstaff comes into view.
Casting: Stone Arrow (safe; 1% risk of failure)
Confirm with . or Enter, or press ? or * to list all spells.
Aiming: Stone Arrow (safe; 1% risk of failure)
Press: ? - help, Shift-Dir - straight line, f/p - Joseph
Aim: Joseph, wielding a +3 spectral quarterstaff and wearing a +0 leather armour (moderately wounded, 74% to hit)
The stone arrow misses Joseph.
Joseph hits you with a +3 spectral quarterstaff!
* * * LOW HITPOINT WARNING * * *
The +3 spectral quarterstaff hits you!
* * * LOW HITPOINT WARNING * * *
Casting: Stone Arrow (safe; 1% risk of failure)
Confirm with . or Enter, or press ? or * to list all spells.
Aiming: Stone Arrow (safe; 1% risk of failure)
Press: ? - help, Shift-Dir - straight line, f/p - Joseph
Aim: Joseph, wielding a +3 spectral quarterstaff and wearing a +0 leather armour (moderately wounded, 74% to hit)
The stone arrow hits Joseph!
Joseph is heavily wounded.
Joseph hits you with a +3 spectral quarterstaff!
* * * LOW HITPOINT WARNING * * *
The +3 spectral quarterstaff closely misses you.
Casting: Stone Arrow (safe; 1% risk of failure)
Confirm with . or Enter, or press ? or * to list all spells.
Aiming: Stone Arrow (safe; 1% risk of failure)
Press: ? - help, Shift-Dir - straight line, f/p - Joseph
Aim: Joseph, wielding a +3 spectral quarterstaff and wearing a +0 leather armour (heavily wounded, 74% to hit)
The stone arrow hits Joseph!!
Joseph is almost dead.
Joseph hits you with a +3 spectral quarterstaff!!
You die...

....###.###...###...###...### #.#
.....####.##.##.##.##.##.##.###.#
......##...#'#...###...#+#...##.#
...>..'.....+.....'.....'.....'.#
......##...###...###...###...##.#
.....####.##.##.##.##.##.##.###.#
.....######...###...###...####..#
.....#..##.....#(....#.....###.##
.#.......+.....@@.>..'.....'...#
.#.......#.....#.....#.....##.##
.##.....)##...###...###...###.#
..#.......##.##.##.##.##.##...#
...........###...###...###..###
............'.....'.....'..##
...##......###...###...##### ...
#........##.## ##.##
...#..........#+# #+#


You could see Joseph and a +3 spectral quarterstaff.

Vanquished Creatures
  Grinder (D:3)
  Sigmund (D:3)
  Eustachio (D:6)
  2 steam dragons (D:7)
  Edmund (D:5)
  A water moccasin (D:7)
  An ice beast (D:6)
  3 ogres
  2 centaurs
  A bullfrog (D:7)
  2 scorpions
  4 wights (D:7)
  A howler monkey (D:4)
  3 bombardier beetles
  3 hounds
  3 jellies
  An orc priest (D:6)
  A sleepcap (D:4)
  6 iguanas
  Natasha (thrice) (D:3)
  3 gnolls (D:6)
  10 adders
  2 dart slugs (D:2)
  3 ribbon worms
  13 orcs
  3 ball pythons
  4 bats
  10 endoplasms
  6 giant cockroaches
  2 goblins
  5 hobgoblins
  3 jackals
  5 kobolds
  2 quokkas
  2 frilled lizards
  4 rats
118 creatures vanquished.

Notes
Turn   | Place    | Note
-------+----------+-------------------------------------------
     0 | D:1      | Autsider the Gargoyle Earth Elementalist began the quest
                  | for the Orb.
     0 | D:1      | Reached XP level 1. HP: 10/10 MP: 3/3
   352 | D:1      | Reached XP level 2. HP: 16/16 MP: 1/5
   401 | D:1      | Reached skill level 4 in Earth Magic
   653 | D:1      | Reached skill level 1 in Fighting
   823 | D:2      | Reached XP level 3. HP: 20/20 MP: 3/6
   911 | D:2      | Reached XP level 4. HP: 23/26 MP: 0/7
  1036 | D:2      | Reached skill level 5 in Earth Magic
  1089 | D:2      | Found a radiant altar of Vehumet.
  1369 | D:3      | Learned a level 3 spell: Stone Arrow
  1388 | D:3      | Found a faded altar of an unknown god.
  1408 | D:3      | Noticed Natasha
  1414 | D:3      | Killed Natasha
  1415 | D:3      | Reached XP level 5. HP: 18/30 MP: 3/8
  1606 | D:3      | Found The Oracle's Delphic Readings.
  1726 | D:3      | Found an opulent altar of Gozag.
  1813 | D:3      | Noticed Sigmund
  1816 | D:3      | Noticed Natasha
  1818 | D:3      | Killed Sigmund
  1819 | D:3      | Reached skill level 6 in Earth Magic
  1819 | D:3      | Reached XP level 6. HP: 36/36 MP: 3/9
  1825 | D:3      | Killed Natasha
  1878 | D:3      | Noticed Grinder
  1884 | D:3      | Killed Grinder
  1885 | D:3      | Reached XP level 7. HP: 41/41 MP: 1/11
  1914 | D:3      | Noticed Natasha
  1917 | D:3      | Killed Natasha
  2152 | D:4      | Reached skill level 7 in Earth Magic
  2901 | D:5      | Entered Level 5 of the Dungeon
  2905 | D:5      | Reached XP level 8. HP: 48/48 MP: 10/13
  2983 | D:5      | Noticed Edmund
  3004 | D:5      | Killed Edmund
  3222 | D:5      | Reached skill level 8 in Earth Magic
  3387 | D:5      | Found a radiant altar of Vehumet.
  3523 | D:5      | Became a worshipper of Vehumet
  3907 | D:6      | Found a runed translucent door.
  3908 | D:6      | Found a shimmering altar of Xom.
  3908 | D:6      | Noticed Konar's ghost (novice CoHu)
  3909 | D:6      | Noticed a +1 falchion of chaos
  3989 | D:6      | Reached skill level 5 in Fighting
  4003 | D:6      | Noticed Eustachio
  4011 | D:6      | Reached skill level 9 in Earth Magic
  4011 | D:6      | Killed Eustachio
  4012 | D:6      | Reached XP level 9. HP: 54/54 MP: 6/15
  4782 | D:7      | Learned a level 2 spell: Blink
  4794 | D:7      | Found a staircase to the Ecumenical Temple.
  4847 | D:7      | Reached skill level 10 in Earth Magic
  4864 | D:7      | Reached skill level 5 in Spellcasting
  4898 | D:7      | Reached skill level 1 in Translocations
  4899 | D:7      | Found a bloodstained altar of Trog.
  5179 | D:7      | Noticed Joseph
  5184 | D:7      | Slain by Joseph

Illustrated notes

Levels and vault maps discovered:
D:1:      roderic_octagonal_star, layout_basic
D:2:      layout_basic, basic_altar
D:3:      layout_basic, grunt_gozag_statues, ebering_ecumenical_altar_abandoned,
          st_stairs_10, nicolae_nh_oracle_at_delphi, uniq_grinder, uniq_natasha,
          uniq_sigmund
D:4:      layout_basic
D:5:      layout_basic, nicolae_vehumet_altar_sigil, dreamdust_princess_bridge,
          uniq_edmund
D:6:      layout_cave_pods, ebering_ghost_xom, uniq_eustachio
D:7:      layout_cave_pools, mainiacjoe_overflow_brackets,
          gammafunk_temple_overflow_statue, minmay_temple_entry_mist,
          nicolae_hexahallways, uniq_joseph

Skill      XL: |  1  2  3  4  5  6  7  8  9 |
---------------+----------------------------+-----
Earth Magic    | 4 5 6 7 9 10 | 10.9
Fighting       | 1 2 3 5 6 |  6.5
Conjurations   | 2 3 4 |  4.0
Dodging        | 2 3 |  3.0
Spellcasting   | 3 4 5 |  5.0
Translocations | 2 |  2.0
Stealth        | |  2.1

Action                     |  1- 3 |  4- 6 |  7- 9 || total
---------------------------+-------+-------+-------++-------
  Melee: Spear             |     7 |     3 |       ||    10
   Cast: Sandblast         |    27 |    46 |    85 ||   158
         Stone Arrow       |       |     6 |    32 ||    38
    Use: Scroll            |       |       |     8 ||     8
   Stab: Sleeping          |     1 |       |       ||     1
 Armour: Robe              |    14 |    11 |    26 ||    51
  Dodge: Dodged            |    10 |     6 |    14 ||    30

Table legend: (Time is in decaauts)
 A = Elapsed time spent in this place.
 B = Non-inter-level travel time spent in this place.
 C = Inter-level travel time spent in this place.
 D = Time resting spent in this place.
 E = Time spent auto-exploring this place.
 F = Levels seen in this place.
 G = Mean time per level.
                   A        B        C        D        E       F      G
               +--------+--------+--------+--------+--------+-----+--------+
         Total |   5268 |   5038 |    230 |    447 |   3847 |   7 |  752.6 |
       Dungeon |   5268 |   5038 |    230 |    447 |   3847 |   7 |  752.6 |
               +--------+--------+--------+--------+--------+-----+--------+

Top non-repeatable levels by time:
     D:5: 1008 daAuts
     D:6: 859 daAuts
     D:4: 808 daAuts
     D:3: 782 daAuts
     D:1: 743 daAuts
     D:2: 623 daAuts
     D:7: 444 daAuts
